 Dungeon Crawl Stone Soup version 0.29.1-2-gbd0b4ee654 (webtiles) character file.

Game seed: 14688177401771113869

45672 KittyFluff the Basher (level 14, -6/86 HPs)
             Began as a Gargoyle Berserker on Oct 26, 2022.
             Was the Champion of Trog.
             Killed by divine providence
             ... invoked by a meliai
              (14 damage)
             ... on level 4 of the Lair of Beasts.
             The game lasted 02:10:59 (20783 turns).

KittyFluff the Basher (Gargoyle Berserker)         Turns: 20783, Time: 02:10:59

Health: -6/86      AC: 36    Str: 22    XL:     14   Next: 34%
Magic:  14/14      EV: 13    Int:  8    God:    Trog [******]
Gold:   627        SH: 17    Dex: 13    Spells: 13/13 levels left

rFire   + . .      SeeInvis .   w - +1 morningstar (protect)
rCold   + . .      Faith    .   V - +0 kite shield
rNeg    + . .      Spirit   .   v - +0 troll leather armour
rPois   ∞          Reflect  +   k - +0 helmet
rElec   +          Harm     .   Z - scarf {rC+ rF+}
rCorr   .          Rampage  .   o - +0 pair of gloves
Will    +....                   a - +0 pair of boots
Stlth   ++........              K - amulet of reflection
HPRegen 1.04/turn               A - +4 ring of protection
MPRegen 0.14/turn               U - +4 ring of protection

@: under a protective aura, flying
A: sickness immunity, AC +10, big wings, negative energy resistance 1,
electricity resistance, torment resistance 1, petrification resistance
a: Renounce Religion, Berserk, Trog's Hand, Brothers in Arms


You were on level 4 of the Lair of Beasts.
You worshipped Trog.
Trog was exalted by your worship.
You visited 2 branches of the dungeon, and saw 17 of its levels.
You also visited: Ossuary.

You collected 949 gold pieces.
You spent 322 gold pieces at shops.

Inventory:

Hand Weapons
 p - a +3 sling of flaming
 w - a +1 morningstar of protection (weapon)
 P - a +4 mace
Missiles
 n - 3 curare-tipped darts
 I - a boomerang (quivered)
 M - 25 poisoned darts
Armour
 a - a +0 pair of boots (worn)
 f - +0 acid dragon scales
 k - a +0 helmet (worn)
 o - a +0 pair of gloves (worn)
 v - a +0 troll leather armour (worn)
 y - a +1 hat
 H - a scarf of repulsion
 N - a +0 ring mail of cold resistance
 R - a +1 robe of willpower
 V - a +0 kite shield (worn)
 Z - a scarf of resistance (worn)
Jewellery
 g - a ring of see invisible
 j - an amulet of regeneration
 u - a ring of resist corrosion
 A - a +4 ring of protection (left hand)
 C - a +4 ring of protection
 F - a ring of fire
 K - an amulet of reflection (around neck)
 L - a ring of protection from cold
 U - a +4 ring of protection (right hand)
 X - a ring of protection from cold
Wands
 h - a wand of light (4)
 r - a wand of charming (9)
 O - a wand of flame (36)
 Q - a wand of polymorph (9)
 W - a wand of digging (4)
 Y - a wand of iceblast (6)
Scrolls
 b - a scroll of poison
 c - 5 scrolls of enchant armour
 i - 4 scrolls of fear
 s - 3 scrolls of silence
 x - a scroll of brand weapon
 D - 6 scrolls of magic mapping
 E - 2 scrolls of enchant weapon
 S - a scroll of fog
 T - 3 scrolls of immolation
Potions
 d - 8 potions of curing
 e - 4 potions of heal wounds
 l - 4 potions of might
 z - 7 potions of attraction
 B - 3 potions of haste
 G - 2 potions of cancellation
 J - 2 potions of resistance
Miscellaneous
 m - a piece from Xom's chessboard (15/15)


   Skills:
 + Level 9.6 Fighting
 + Level 14.0 Maces & Flails
 + Level 3.4 Ranged Weapons
 + Level 2.5 Throwing
 * Level 11.5 Armour
 + Level 6.8 Dodging
 + Level 3.5 Stealth
 * Level 12.9 Shields
 + Level 4.1 Evocations


You had 13 spell levels left.
You didn't know any spells.
Your spell library contained the following spells:

 Spells                   Type           Power      Damage    Failure   Level
 Apportation              Tloc           0%         N/A       67%         1
 Ensorcelled Hibernation  Hex/Ice        0%         N/A       82%         2
 Passwall                 Tmut/Erth      0%         N/A       82%         2
 Swiftness                Air            0%         N/A       96%         3
 Alistair's Intoxication  Tmut/Pois      0%         N/A       100%        5


Dungeon Overview and Level Annotations

Branches:
Dungeon (13/15)            Temple (0/1) D:6            Lair (4/5) D:11
  Swamp (0/4) Lair:3        Snake (0/4) Lair:2          Orc (0/2) D:10
Ossuary (visited)
  Slime: Lair:4-5    Vaults: D:13-14

Altars:
Fedhas
Makhleb

Shops:
D:9 ?   D:10 *

Annotations:
Lair:3 3 runed translucent doors, Yjeari's ghost, journeyman GrMo
Lair:4 Kirke


Innate Abilities, Weirdness & Mutations

You are immune to sickness and miasma.
Your stone body is resilient. (AC +10)
You are immune to poison.
Your large and strong wings let you fly.
You resist negative energy. (rN+)
You are resistant to electric shocks. (rElec)
You are resistant to unholy torment.
You are immune to petrification.


Message History

The torpor snail misses you. The lindwurm barely misses you. x2
The lindwurm claws you.
* * * LOW HITPOINT WARNING * * *
You feel better. You block the killer bee's attack. x2
You block the seven-headed hydra's attack.
The seven-headed hydra bites you but does no damage.
The seven-headed hydra barely misses you. x2
The seven-headed hydra completely misses you.
The seven-headed hydra barely misses you.
The seven-headed hydra bites you but does no damage.
The lindwurm bites you!
* * * LOW HITPOINT WARNING * * *
The lindwurm claws you but does no damage.
You block the lindwurm's attack.
The yak is engulfed in poison gas.
The yak looks as sick as possible!
The meliai invokes the aid of its god against you.
Something smites you!
* * * LOW HITPOINT WARNING * * *
You block the killer bee's attack.
The torpor snail is engulfed in poison gas.
The torpor snail looks as sick as possible!
You kill the torpor snail!
Trog accepts your kill.
The seven-headed hydra bites you but does no damage.
The seven-headed hydra bites you!
* * * LOW HITPOINT WARNING * * *
The seven-headed hydra bites you but does no damage.
The seven-headed hydra closely misses you. x2
The seven-headed hydra bites you but does no damage. x2
You hear an angry buzzing noise.
You puncture the seven-headed hydra!
The seven-headed hydra is heavily wounded.
You feel yourself speed up.
You hear an angry buzzing noise.
You kill the yak!
Trog accepts your kill.
The killer bee stings you but does no damage.
The meliai mumbles some strange prayers to its god against you.
Something smites you!
You die...

#########
#°§☼☼§§☼○
#§§§§§☼y°
#§§§°☼y°≈
#☼°○°§○≈○
#y§○°☼§°#
#@○S○§☼#
#Dky☼☼##
. #y☼°°##
y #y§§##
#.#y
#yy## .
##


#yy #§y# #..##.# #Yy #F## #..# #...#yyY #hh#.h# #..#Hl# #hF.# #.##. You could
see a seven-headed hydra, a lindwurm, a black mamba, 2 hogs, a meliai, a
bullfrog and 8 killer bees.

Vanquished Creatures
  Snorg (Lair:3)
  5 hydras
  A centaur warrior (D:13)
  4 two-headed ogres
  An ogre mage (D:13)
  2 tengu warriors (D:13)
  2 death yaks (Lair:3)
  The ghost of Orthodox the Fighter, a novice GrGl of Qazlal (D:7)
  2 bog bodies (Lair:3)
  A lindwurm (Lair:4)
  2 deep elf pyromancers (D:12)
  A manticore (D:12)
  2 oklob plants (Lair:1)
  15 elephants
  3 gargoyles
  6 cane toads
  A torpor snail (Lair:4)
  An unseen horror (D:10)
  A freezing wraith (D:13)
  10 komodo dragons
  A tengu conjurer (D:13)
  4 rime drakes
  4 trolls
  A queen bee (Lair:4)
  A polar bear (Lair:3)
  2 hornets
  6 dream sheep (Lair:3)
  A blink frog (Lair:4)
  A shadow (D:11)
  39 yaks
  4 wyverns
  A steam dragon (D:10)
  2 basilisks (Lair:2)
  6 vampire mosquitoes
  Menkaure (D:5)
  A naga (Lair:2)
  An acid dragon (D:13)
  9 water moccasins
  5 orc warriors
  2 ice beasts
  2 ogres (D:5)
  A hornet zombie (Ossuary)
  17 wolves
  A wolf (shapeshifter) (D:13)
  A phantom (D:6)
  5 centaurs
  3 kobold brigands
  11 bullfrogs
  4 scorpions
  3 water moccasin zombies (Ossuary)
  2 wyvern zombies (Ossuary)
  3 wights (D:8)
  10 killer bees
  3 howler monkeys
  4 jellies
  9 centaur zombies (Ossuary)
  A bullfrog zombie (Ossuary)
  11 orc priests
  3 hounds
  A gnoll bouda (D:4)
  3 iguanas
  13 orc wizards
  5 hell rats (Lair:1)
  5 killer bee zombies (Ossuary)
  12 mummies (Ossuary)
  7 howler monkey zombies (Ossuary)
  6 adders
  6 gnolls
  A white imp (D:6)
  2 ufetubi
  A worm (D:3)
  3 dart slugs
  65 orcs
  5 ball pythons
  9 endoplasms
  5 giant cockroaches
  5 hobgoblins
  7 jackals (D:1)
  3 quokkas
  12 bats
  6 frilled lizards
  5 goblins
  20 kobolds
  3 rats
458 creatures vanquished.

Vanquished Creatures (collateral kills)
  2 manticores (D:13)
  A freezing wraith (D:13)
  A troll (D:13)
4 creatures vanquished.

Vanquished Creatures (others)
  Sonja (D:10)
  An unseen horror (D:6)
  A vampire (D:13)
  2 kobolds (D:8)
  25 fungi
  41 plants
71 creatures vanquished.

Grand Total: 533 creatures vanquished

Notes
Turn   | Place    | Note
-------+----------+-------------------------------------------
     0 | D:1      | KittyFluff the Gargoyle Berserker began the quest for the
                  | Orb.
     0 | D:1      | Reached XP level 1. HP: 14/14 MP: 1/1
   106 | D:1      | Reached XP level 2. HP: 13/19 MP: 2/2
   658 | D:1      | Reached XP level 3. HP: 18/24 MP: 3/3
   826 | D:1      | Reached ** piety under Trog
  1961 | D:2      | Reached XP level 4. HP: 26/29 MP: 4/4
  2977 | D:3      | Reached skill level 4 in Maces & Flails
  2977 | D:3      | Reached XP level 5. HP: 33/33 MP: 5/5
  3067 | D:3      | Reached *** piety under Trog
  3324 | D:4      | Found a sand-covered staircase.
  3355 | Ossuary  | Entered an ossuary
  3377 | Ossuary  | Reached skill level 1 in Stealth
  3393 | Ossuary  | Reached XP level 6. HP: 33/38 MP: 6/6
  3441 | Ossuary  | Reached skill level 5 in Maces & Flails
  3469 | Ossuary  | Reached XP level 7. HP: 44/44 MP: 7/7
  3533 | Ossuary  | Reached skill level 6 in Maces & Flails
  3598 | Ossuary  | Reached skill level 1 in Shields
  3689 | Ossuary  | Reached XP level 8. HP: 48/48 MP: 8/8
  3717 | Ossuary  | Reached skill level 5 in Fighting
  3737 | Ossuary  | Reached skill level 7 in Maces & Flails
  3878 | Ossuary  | Reached **** piety under Trog
  4421 | D:4      | Reached skill level 5 in Armour
  5270 | D:5      | Entered Level 5 of the Dungeon
  5802 | D:5      | Noticed Menkaure
  5808 | D:5      | Killed Menkaure
  5809 | D:5      | Reached skill level 8 in Maces & Flails
  6016 | D:5      | Reached XP level 9. HP: 32/54 MP: 9/9
  6582 | D:6      | Reached skill level 1 in Ranged Weapons
  6709 | D:6      | Reached skill level 9 in Maces & Flails
  6934 | D:6      | Noticed a hornet
  6943 | D:6      | Killed a hornet
  7125 | D:6      | Killed an unseen horror
  7134 | D:6      | Reached skill level 1 in Throwing
  7500 | D:6      | Found a staircase to the Ecumenical Temple.
  7696 | D:7      | Noticed a two-headed ogre
  7703 | D:7      | Killed a two-headed ogre
  7704 | D:7      | Reached XP level 10. HP: 50/61 MP: 10/10
  8125 | D:7      | Reached skill level 10 in Maces & Flails
  8612 | D:7      | Found a runed translucent door.
  8612 | D:7      | Noticed Orthodox's ghost (novice GrGl)
  8662 | D:7      | Killed Orthodox's ghost
  9299 | D:7      | Reached skill level 5 in Shields
  9824 | D:8      | Reached ***** piety under Trog
 10655 | D:9      | Reached XP level 11. HP: 63/67 MP: 11/11
 10735 | D:9      | Found Cuopyros's Magic Scroll Boutique.
 10911 | D:9      | Found a burning altar of Makhleb.
 11093 | D:9      | Reached skill level 5 in Dodging
 11146 | D:10     | Entered Level 10 of the Dungeon
 11193 | D:10     | Found Ulichoso's Neck Hole.
 11214 | D:10     | Noticed Sonja
 11251 | D:10     | Killed Sonja
 11465 | D:10     | Reached skill level 11 in Maces & Flails
 11657 | D:9      | Bought a scroll of magic mapping for 105 gold pieces
 11657 | D:9      | Bought a scroll of enchant armour for 105 gold pieces
 11657 | D:9      | Bought a scroll of identify for 28 gold pieces
 11658 | D:9      | Bought a scroll of identify for 28 gold pieces
 11658 | D:9      | Bought a scroll of identify for 28 gold pieces
 11658 | D:9      | Bought a scroll of identify for 28 gold pieces
 12188 | D:10     | Found a staircase to the Orcish Mines.
 12910 | D:11     | Noticed a five-headed hydra
 12921 | D:11     | Killed a five-headed hydra
 13275 | D:11     | Reached skill level 1 in Evocations
 14325 | D:11     | You fall into a shaft and drop 2 floors!
 14339 | D:13     | Noticed a boulder beetle
 14373 | D:13     | Noticed a salamander
 14493 | D:13     | Noticed a centaur warrior
 14493 | D:13     | Noticed a centaur warrior
 14509 | D:13     | Noticed a catoblepas
 14550 | D:13     | Noticed a centaur warrior
 14564 | D:13     | Killed a centaur warrior
 14592 | D:13     | Noticed a manticore
 14592 | D:13     | Found the +11 plutonium sword {Contam Stlth-}
 14595 | D:13     | Noticed a manticore
 14601 | D:13     | Killed a manticore
 14603 | D:13     | Killed a manticore
 14604 | D:13     | Reached skill level 12 in Maces & Flails
 14604 | D:13     | Reached XP level 12. HP: 21/73 MP: 12/12
 14624 | D:13     | Noticed an eight-headed hydra
 14629 | D:13     | Killed a nine-headed hydra
 14684 | D:13     | Noticed a tengu warrior
 14709 | D:13     | Killed a tengu warrior
 14746 | D:13     | Noticed an ogre mage
 14771 | D:13     | Paralysed by something for 3 turns
 14780 | D:13     | HP: 1/73 [something/bolt of magma (18)]
 14789 | D:13     | Killed an ogre mage
 14799 | D:13     | Noticed a fire dragon
 14839 | D:13     | Noticed a tengu warrior
 14880 | D:13     | Killed a tengu warrior
 14954 | D:12     | Noticed an eight-headed hydra
 14968 | D:12     | Killed an eight-headed hydra
 15149 | D:12     | Noticed an eight-headed hydra
 15172 | D:12     | Killed an eight-headed hydra
 15244 | D:12     | Noticed a two-headed ogre
 15254 | D:12     | Killed a two-headed ogre
 15493 | D:12     | Noticed a two-headed ogre
 15505 | D:12     | Killed a two-headed ogre
 15586 | D:11     | Reached skill level 10 in Shields
 15620 | D:11     | Noticed a two-headed ogre
 15628 | D:11     | Killed a two-headed ogre
 15937 | D:11     | Found a staircase to the Lair.
 16037 | Lair:1   | Entered Level 1 of the Lair of Beasts
 16117 | Lair:1   | Reached XP level 13. HP: 79/79 MP: 13/13
 16252 | Lair:1   | Reached skill level 10 in Armour
 16534 | Lair:1   | Reached skill level 13 in Maces & Flails
 17000 | Lair:1   | Found a blossoming altar of Fedhas.
 18516 | Lair:2   | Found a staircase to the Snake Pit.
 18679 | Lair:2   | Received a gift from Trog
 18739 | Lair:2   | Reached ****** piety under Trog
 19338 | Lair:3   | Noticed Snorg
 19403 | Lair:3   | Noticed Yjeari's ghost (journeyman GrMo)
 19411 | Lair:3   | Noticed a minotaur
 19419 | Lair:3   | Found a runed translucent gate.
 19419 | Lair:3   | Found a runed translucent gate.
 19419 | Lair:3   | Found a runed translucent gate.
 19487 | Lair:3   | Killed Snorg
 19643 | Lair:3   | Gained mutation: Your large and strong wings let you fly.
                  | [Gargoyle growth]
 19643 | Lair:3   | Reached XP level 14. HP: 69/86 MP: 14/14
 19779 | Lair:3   | Found a staircase to the Swamp.
 20277 | Lair:3   | Reached skill level 14 in Maces & Flails
 20765 | Lair:4   | Noticed Kirke
 20783 | Lair:4   | Killed from afar by a meliai

Illustrated notes

Levels and vault maps discovered:
D:1:      roderic_octagonal_star, layout_basic,
          shapermc_ecumenical_altar_acropolis, hangedman_glass_teeth,
          minmay_pentomino_v2
D:2:      layout_basic
D:3:      layout_basic
D:4:      layout_cave_pods, nicolae_ossuary_entry_monument, dk_noncrumbling_3,
          minmay_crystal_room
D:5:      layout_gridville, kennysheep_path_1, uniq_menkaure
D:6:      layout_basic, minmay_temple_entry_hall
D:7:      layout_cave_pools, ebering_ghost_inner_flame
D:8:      layout_rooms
D:9:      layout_rooms, mainiacjoe_overflow_six_doors_small, serial_shops,
          nicolae_shop_hallway_plus
D:10:     layout_long_grid, hiddenorc1_lemuel,
          nicolae_shop_sticking_my_neck_out, uniq_sonja
D:11:     layout_basic, lair_entry_dummy
D:12:     layout_loops_corners
D:13:     minmay_the_grid_net [minmay_the_grid_holed_spiral,
          minmay_the_grid_tiny_cups, minmay_the_grid_outer_diamond,
          minmay_the_grid_dragon_b, minmay_the_grid_expand,
          minmay_the_grid_prize_four_corners_diamond_a], layout_loops_ring,
          chequers_serial_rivers_micro_c, minmay_starry_boxes
Lair:1:   layout_roguey, hangedman_tree_tricks, chequers_serial_rivers_small_b,
          infiniplex_staircase_pool, grunt_megastairs_5
Lair:2:   layout_regular_city, guppyfry_snake_entry_island, beast_lair_carwin_2
Lair:3:   layout_layer_cave, skrybe_swamp_entry_bodies,
          maelrawn_ghost_gauntlet_escape, uniq_snorg
Lair:4:   regret_index_wax_grids, layout_regular_city, worms_lemuel, uniq_kirke

Skill      XL: |  1  2  3  4  5  6  7  8  9 10 11 12 13 14 |
---------------+-------------------------------------------+-----
Dodging        | 2 3 4 5 6 |  6.8
Armour         | 3 4 5 6 7 8 9 11 | 11.5
Fighting       | 4 5 6 7 8 9 |  9.6
Maces & Flails | 4 5 6 8 9 10 12 13 14 | 14.0
Stealth        | 1 2 3 |  3.5
Shields        | 1 3 6 8 10 12 | 12.9
Ranged Weapons | 2 3 |  3.4
Throwing       | 1 2 |  2.5
Evocations     | 2 4 |  4.1

Action                   |  1- 3 |  4- 6 |  7- 9 | 10-12 | 13-15 || total
-------------------------+-------+-------+-------+-------+-------++-------
Melee: Mace              |   140 |    53 |       |       |       ||   193
       Morningstar       |       |   121 |   312 |   876 |   762 ||  2071
 Fire: Sling             |       |     2 |       |     3 |   107 ||   112
Throw: Boomerang         |       |       |     8 |    49 |    44 ||   101
Invok: Berserk           |     1 |     1 |     5 |     8 |     2 ||    17
       Brothers in Arms  |       |       |       |     1 |       ||     1
  Use: Scroll            |       |       |     6 |    15 |     9 ||    30
       Potion            |       |       |       |     2 |     2 ||     4
 Stab: Sleeping          |       |     1 |       |     1 |     1 ||     3
Armor: Animal skin       |    53 |       |       |       |       ||    53
       Robe              |    18 |    12 |       |       |       ||    30
       Leather armour    |       |    86 |   162 |   240 |       ||   488
       Troll leather arm |       |       |       |   246 |   362 ||   608
       Acid dragon scale |       |       |       |       |     8 ||     8
Dodge: Dodged            |   118 |   101 |   167 |   434 |   339 ||  1159
Block: Buckler           |       |    18 |    81 |   487 |    44 ||   630
       Reflection        |       |       |       |    21 |     9 ||    30
       Kite shield       |       |       |       |       |   623 ||   623
